 Dungeon Crawl Stone Soup version 0.30-a0-715-gdb4ae3ece1 (webtiles) character file.

Game seed: 186022153820831555

4 testman the Firebug (level 1, 0/13 HPs)
             Began as a Demonspawn Fire Elementalist on Jan 24, 2023.
             Slain by a quokka (2 damage)
             ... on level 1 of the Dungeon.
             The game lasted 00:01:02 (213 turns).

testman the Firebug (Demonspawn Fire Elementalist)   Turns: 213, Time: 00:01:02

Health: 0/13       AC:  2    Str:  8    XL:     1   Next: 58%
Magic:  3/3        EV: 12    Int: 16    God:
Gold:   17         SH:  0    Dex: 13    Spells: 3/4 levels left

rFire   . . .      SeeInvis .    (no weapon)
rCold   . . .      Faith    .    (no shield)
rNeg    + . .      Spirit   .    a - +0 robe
rPois   .          Reflect  .    (no helmet)
rElec   .          Harm     .    (no cloak)
rCorr   .          Rampage  .    (no gloves)
Will    .....                    (no boots)
Stlth   ++                       (no amulet)
HPRegen 0.22/turn                c - ring of positive energy
MPRegen 0.08/turn                (no ring)

@: no status effects
A: no striking features
a: no special abilities


You were on level 1 of the Dungeon.
You visited 1 branch of the dungeon, and saw 1 of its levels.

You collected 17 gold pieces.

Inventory:

Armour
 a - a +0 robe (worn)
Jewellery
 c - a ring of positive energy (left hand)
Scrolls
 d - a scroll of identify {unknown}
Potions
 b - a potion of magic


   Skills:
 - Level 1.7 Dodging
 - Level 1.7 Stealth
 + Level 2.1 Spellcasting
 + Level 1.2 Conjurations
 + Level 2.8 Fire Magic


You had 3 spell levels left.
You knew the following spells:

 Your Spells              Type           Power      Damage    Failure   Level
a - Foxfire               Conj/Fire      32%        2x1d5     9%          1

Your spell library contained the following spells:

 Spells                   Type           Power      Damage    Failure   Level
 Scorch                   Fire           20%        2d6       10%         2
 Inner Flame              Hex/Fire       6%         N/A       34%         3
 Kindle Blastsparks       Fire/Tloc/Air  8%         2d10      38%         3
 Flame Wave               Conj/Fire      8%         2d5       65%         4


Dungeon Overview and Level Annotations

Branches:
Dungeon (1/15)

Altars:


Message History

Casting: Foxfire (safe; 9% risk of failure)
Press: ? - help, Q - select action Dir - look around, f - activate You miscast Foxfire.
You are very lightly contaminated with residual magic.
Nothing appears to happen.
The bat barely misses you.
Casting: Foxfire (safe; 9% risk of failure)
Press: ? - help, Q - select action Dir - look around, f - activate You conjure some foxfire!
The bat completely misses you.
You hit the bat but do no damage.
The bat is severely wounded.
The foxfire hits the bat.
You kill the bat!
Your foxfire dissipates!
Your magical contamination has completely faded away.
A quokka comes into view.
The quokka misses you.
You miss the quokka. The quokka barely misses you.
You miss the quokka. The quokka closely misses you.
You hit the quokka.
The quokka is lightly wounded.
The quokka bites you.
You barely miss the quokka.
The quokka is lightly wounded.
The quokka closely misses you.
You hit the quokka.
The quokka is heavily wounded.
The quokka barely misses you. x2
You hit the quokka but do no damage.
The quokka is moderately wounded.
The quokka bites you.
You are too injured to fight recklessly!
You are too injured to fight recklessly!
You are too injured to fight recklessly!
The quokka attacks as you move away! The quokka completely misses you.
The quokka attacks as you move away! The quokka bites you.
* * * LOW HITPOINT WARNING * * *
The quokka bites you.
You die...

#.#.....#.# #.#.....#.#
#.........# ##+##+##'##
# .........# ###.
####.##..# #....
#.##..#
#.....###########.....#
#.........r@......###.#
#.....###########.# #.#
#.... #.# #.###### #.##
#.# #....... # #.#
#####.## #.#######.##
#...........
#..###..†.## #..#
#.#####


You could see a quokka.

Vanquished Creatures
  2 bats (D:1)
  A hobgoblin (D:1)
  2 ball pythons (D:1)
5 creatures vanquished.

Vanquished Creatures (others)
  9 foxfires (D:1)
9 creatures vanquished.

Grand Total: 14 creatures vanquished

Notes
Turn   | Place    | Note
-------+----------+-------------------------------------------
     0 | D:1      | testman the Demonspawn Fire Elementalist began the quest
                  | for the Orb.
     0 | D:1      | Reached XP level 1. HP: 13/13 MP: 3/3
   101 | D:1      | Found a faded altar of an unknown god.
   213 | D:1      | Slain by a quokka

Illustrated notes

Levels and vault maps discovered:
D:1:      lemuel_arrival_behind_the_door_small, layout_loops_ring,
          chequers_ecumenical_altar_simple, serial_shops, nicolae_shop_stone,
          chequers_big_river

Action                     || total
---------------------------++-------
  Melee: Unarmed           ||    23
   Cast: Foxfire           ||     7
 Armour: Robe              ||     3
  Dodge: Dodged            ||    17

Table legend: (Time is in decaauts)
 A = Elapsed time spent in this place.
 B = Non-inter-level travel time spent in this place.
 C = Inter-level travel time spent in this place.
 D = Time resting spent in this place.
 E = Time spent auto-exploring this place.
 F = Levels seen in this place.
 G = Mean time per level.
                   A        B        C        D        E       F      G
               +--------+--------+--------+--------+--------+-----+--------+
         Total |    212 |    207 |      5 |      0 |    154 |   1 |  212.0 |
       Dungeon |    212 |    207 |      5 |      0 |    154 |   1 |  212.0 |
               +--------+--------+--------+--------+--------+-----+--------+

Top non-repeatable levels by time:
     D:1: 212 daAuts
